 Dungeon Crawl Stone Soup version 0.28.0-55-gcd9437bce4 (webtiles) character file.

Game seed: 9215126175654502493

4243 jjjjhere the Basher (level 10, -1/77 HPs)
             Began as a Demonspawn Brigand on Jan 14, 2023.
             Was a Believer of Okawaru.
             Slain by an efreet
             ... wielding a +1 scimitar of flaming
              (3 damage)
             ... on level 9 of the Dungeon.
             The game lasted 00:17:17 (11477 turns).

jjjjhere the Basher (Demonspawn Brigand)           Turns: 11477, Time: 00:17:18

Health: -1/77      AC: -2    Str: 17    XL:     10   Next: 9%
Magic:  10/10      EV: 11    Int: 12    God:    Okawaru [**....]
Gold:   343        SH:  5    Dex: 14    Spells: 9/9 levels left

rFire   . . .      SeeInvis +   w - +2 whip (elec)
rCold   . . .      Faith    .   (no shield)
rNeg    . . .      Spirit   .   E - +3 leather armour
rPois   .          Reflect  +   (no helmet)
rElec   .          Harm     .   c - +0 cloak
rCorr   .          Rampage  .   s - +0 pair of gloves
Will    .....                   (no boots)
Stlth   ++........              H - amulet of reflection
HPRegen 0.22/turn               k - ring of flight
MPRegen 0.12/turn               p - ring of see invisible

@: corroded, flying, studying Long Blades
A: icy blue scales 1, foul stench 2, demonic touch 2
a: Renounce Religion, Heroism


You were on level 9 of the Dungeon.
You worshipped Okawaru.
Okawaru was pleased with you.
You visited 2 branches of the dungeon, and saw 10 of its levels.

You collected 343 gold pieces.

Inventory:

Hand Weapons
 w - a +2 whip of electrocution (weapon)
 A - a +0 morningstar
Missiles
 d - 6 poisoned darts (quivered)
 J - 7 boomerangs
Armour
 b - a +0 robe
 c - a +0 cloak (worn)
 s - a +0 pair of gloves (worn)
 y - a scarf of resistance
 E - a +3 leather armour (worn)
Jewellery
 k - a ring of flight (left hand)
 p - a ring of see invisible (right hand)
 t - a ring of positive energy
 D - a ring of poison resistance
 H - an amulet of reflection (around neck)
Wands
 e - a wand of charming (9)
 r - a wand of flame (8)
Scrolls
 q - 2 scrolls of teleportation
 G - a scroll of enchant weapon
Potions
 h - 2 potions of attraction
 i - 4 potions of curing
 o - a potion of resistance
 v - a potion of lignification {unknown}
 z - a potion of invisibility {unknown}


   Skills:
 - Level 6.9 Fighting
 - Level 1.7 Short Blades
 + Level 11.9 Maces & Flails
 - Level 1.7 Throwing
 - Level 0.8 Dodging
 - Level 3.6 Stealth


You had 9 spell levels left.
You didn't know any spells.
Your spell library contained the following spells:

 Spells                   Type           Power      Damage    Failure   Level
 Sting                    Tmut/Pois      0%         1d3       38%         1
 Blink                    Tloc           0%         N/A       52%         2
 Poisonous Vapours        Pois/Air       0%         N/A       52%         2
 Static Discharge         Conj/Air       0%         N/A       52%         2
 Gell's Gravitas          Tloc           0%         N/A       77%         3
 Lesser Beckoning         Tloc           0%         N/A       77%         3
 Teleport Other           Tloc           0%         N/A       77%         3
 Dispel Undead            Necr           0%         3d6       99%         4
 Leda's Liquefaction      Hex/Erth       0%         N/A       99%         4
 Olgreb's Toxic Radiance  Pois           0%         N/A       99%         4
 Sticky Flame             Conj/Fire      0%         2d3       99%         4
 Borgnjor's Vile Clutch   Necr/Erth      0%         N/A       100%        5
 Iron Shot                Conj/Erth      0%         9d1       100%        6


Dungeon Overview and Level Annotations

Branches:
Dungeon (9/15)             Temple (1/1) D:7
   Lair: D:8-11         Orc: D:9-12

Altars:
Ashenzari
Cheibriados
Dithmenos
Elyvilon
Fedhas
Gozag
Kikubaaqudgha
Makhleb
Nemelex Xobeh
Okawaru
Qazlal
Ru
Sif Muna
Trog
Uskayaw
Vehumet
Xom
Yredelemnul
Zin
The Shining One

Shops:
D:6 ?

Annotations:
D:3 2 runed translucent doors, safid's ghost, amateur GrEE


Innate Abilities, Weirdness & Mutations

You are partially covered in icy blue scales. (AC +2)
You sometimes emit foul miasma when damaged in melee.
Your touch may inflict irresistible damage on your foes.


Message History

The brown ugly thing gurgles horribly!
There is a stone staircase leading up, spattered with blood here.
Unknown command.
You closely miss the brown ugly thing. The brown ugly thing tail-slaps you!
The acid corrodes you!
You are splashed with acid!
You emit a cloud of foul miasma!
You hit the brown ugly thing.
The brown ugly thing is lightly wounded.
You closely miss the brown ugly thing.
The brown ugly thing is lightly wounded.
The brown ugly thing is engulfed in dark miasma.
The brown ugly thing is poisoned.
The brown ugly thing tail-slaps you! The acid corrodes you!
You are splashed with acid.
You hit the brown ugly thing but do no damage.
The brown ugly thing is moderately wounded.
You barely miss the brown ugly thing.
The brown ugly thing is moderately wounded.
An efreet comes into view.
It is wielding a +1 scimitar of flaming.
The brown ugly thing is engulfed in dark miasma.
The brown ugly thing looks even sicker.
The brown ugly thing tail-slaps you. The acid corrodes you!
You are splashed with acid!
You closely miss the brown ugly thing.
You touch the brown ugly thing.
The brown ugly thing is heavily wounded.
You hit the brown ugly thing.
You touch the brown ugly thing.
The brown ugly thing is severely wounded.
The brown ugly thing is engulfed in dark miasma.
The brown ugly thing looks even sicker.
The brown ugly thing seems to slow down.
The brown ugly thing tail-slaps you.
You are splashed with acid!
* * * LOW HITPOINT WARNING * * *
You hit the brown ugly thing.
Lightning courses through the brown ugly thing!!
You kill the brown ugly thing!
Okawaru is honoured by your kill.
You feel much better.
The centaur wields a +0 shortbow.
The centaur shoots an arrow.
The arrow hits you!
The efreet hits you with a +1 scimitar of flaming!!
* * * LOW HITPOINT WARNING * * *
The efreet burns you.
You die...

♣.♣ ♣......#
...♣♣.....)
#..♣.....##
#...°....#
###.....).#
......°°B#####
##......)☼°(#
##.<.#####R#
##.## #@# #.#
#☼# #.# #c#
#.# #.# #.#
#.. #.# ...
#.# ..# #.#


You could see an efreet and a centaur.

Vanquished Creatures
  A manticore (D:9)
  An ugly thing (D:9)
  A hornet (D:8)
  Prince Ribbit (D:7)
  A hog (D:3)
  2 water moccasins (D:5)
  An orc warrior (D:8)
  A sky beast (D:6)
  2 black bears (D:5)
  2 ogres
  2 necrophages
  6 centaurs
  A kobold brigand (D:9)
  3 bullfrogs
  3 scorpions
  6 killer bees (D:8)
  A howler monkey (D:6)
  A bullfrog zombie (D:7)
  2 centaur zombies (D:5)
  4 hounds
  A jelly (D:5)
  4 orc priests
  A gnoll shaman (D:7)
  A bullfrog skeleton (D:6)
  2 iguanas
  4 orc wizards
  A hound skeleton (D:5)
  A howler monkey zombie (D:8)
  Robin (D:4)
  5 gnolls
  A howler monkey skeleton (D:4)
  8 adders
  A shadow imp (D:5)
  A white imp (D:6)
  An adder zombie (D:3)
  A worm (D:2)
  40 orcs
  3 endoplasms
  A giant cockroach (D:1)
  14 goblins
  5 hobgoblins
  16 kobolds
  4 quokkas
  7 ball pythons
  3 bats
  7 frilled lizards
  7 rats
183 creatures vanquished.

Notes
Turn   | Place    | Note
-------+----------+-------------------------------------------
     0 | D:1      | jjjjhere the Demonspawn Brigand began the quest for the
                  | Orb.
     0 | D:1      | Reached XP level 1. HP: 16/16 MP: 1/1
   173 | D:1      | Gained mutation: You may rarely emit foul miasma when
                  | damaged in melee. [demonic ancestry]
   173 | D:1      | Reached XP level 2. HP: 23/23 MP: 2/2
   319 | D:1      | Found a faded altar of an unknown god.
   581 | D:1      | HP: 3/24 [gnoll/+0 spear (7)]
   933 | D:1      | Reached XP level 3. HP: 22/29 MP: 3/3
  1570 | D:2      | Reached XP level 4. HP: 33/38 MP: 4/4
  2543 | D:3      | Reached skill level 5 in Fighting
  2575 | D:3      | Got the Volume of Earth and the Compass
  2673 | D:3      | Found a large runed translucent door.
  2674 | D:3      | Found a large runed translucent door.
  2676 | D:3      | Noticed safid's ghost (amateur GrEE)
  3376 | D:4      | Noticed Robin
  3466 | D:4      | Killed Robin
  3467 | D:4      | Gained mutation: You are partially covered in icy blue
                  | scales. (AC +2) [demonic ancestry]
  3467 | D:4      | Reached XP level 5. HP: 39/44 MP: 5/5
  3775 | D:4      | Noticed a lemure
  3776 | D:4      | Noticed a lemure
  3777 | D:4      | Noticed Pikel
  4004 | D:3      | Noticed Pikel
  4004 | D:3      | Pikel changed into Pikel the hog
  4023 | D:3      | Killed Pikel the hog
  4024 | D:3      | Reached XP level 6. HP: 23/53 MP: 6/6
  4323 | D:4      | Reached skill level 1 in Maces & Flails
  4432 | D:4      | Reached skill level 2 in Maces & Flails
  4689 | D:4      | Reached skill level 3 in Maces & Flails
  4689 | D:4      | Reached XP level 7. HP: 37/59 MP: 7/7
  5466 | D:5      | Entered Level 5 of the Dungeon
  5632 | D:5      | Reached skill level 4 in Maces & Flails
  5784 | D:5      | Reached skill level 5 in Maces & Flails
  5980 | D:5      | Gained mutation: Your touch may inflict minor irresistible
                  | damage on your foes. [demonic ancestry]
  5980 | D:5      | Reached XP level 8. HP: 47/65 MP: 8/8
  5983 | D:5      | Reached skill level 6 in Maces & Flails
  6220 | D:5      | HP: 20/65 [ogre/+0 giant club (19)]
  6521 | D:5      | Reached skill level 7 in Maces & Flails
  6844 | D:6      | Found Pin Sit's Magic Scroll Shop.
  6973 | D:5      | Reached skill level 8 in Maces & Flails
  7814 | D:6      | Gained mutation: You sometimes emit foul miasma when
                  | damaged in melee. [demonic ancestry]
  7814 | D:6      | Reached XP level 9. HP: 71/71 MP: 9/9
  7829 | D:6      | Reached skill level 9 in Maces & Flails
  8193 | D:6      | Found a sacrificial altar of Ru.
  8211 | D:6      | Found a basalt altar of Yredelemnul.
  8515 | D:7      | Noticed Prince Ribbit
  8526 | D:7      | Killed Prince Ribbit
  8727 | D:7      | Reached skill level 10 in Maces & Flails
  9045 | D:7      | Found a staircase to the Ecumenical Temple.
  9051 | Temple   | Entered the Ecumenical Temple
  9154 | Temple   | Became a worshipper of Warmaster Okawaru
 10127 | D:8      | Paralysed by a hornet for 1 turns
 10140 | D:8      | Reached skill level 11 in Maces & Flails
 10635 | D:9      | Found the +7 sceptre of Torment {pain, torment}
 10635 | D:9      | Noticed a manticore
 10849 | D:9      | Killed a manticore
 10849 | D:9      | Reached * piety under Okawaru
 10956 | D:9      | Gained mutation: Your touch may inflict irresistible damage
                  | on your foes. [demonic ancestry]
 10956 | D:9      | Reached XP level 10. HP: 76/77 MP: 10/10
 10966 | D:9      | Noticed a boulder beetle
 10967 | D:9      | Noticed a brown ugly thing
 10975 | D:9      | HP: 18/77 [boulder beetle (9)]
 11475 | D:9      | HP: 17/77 [acid (10)]
 11476 | D:9      | Killed a brown ugly thing
 11476 | D:9      | Reached ** piety under Okawaru
 11477 | D:9      | HP: 2/77 [efreet/+1 scimitar of flaming (26)]
 11477 | D:9      | Slain by an efreet

Illustrated notes

Levels and vault maps discovered:
D:1:      evilmike_arrival_crescent, layout_basic,
          hellmonk_ecumenical_altar_crossroads, minmay_distorted
D:2:      layout_loops_ring
D:3:      layout_loops_ring, ebering_ghost_disaster_area
D:4:      layout_basic, uniq_robin, uniq_pikel
D:5:      layout_rooms, minmay_manual_mares
D:6:      layout_basic, mainiacjoe_overflow_swirl, nicolae_stop_n_shop_1
D:7:      layout_rooms, minmay_temple_entry_fiery, uniq_prince_ribbit1
D:8:      layout_basic, dk_rats_in_the_wall
D:9:      layout_rooms, orc_0_dummy, serial_glass, glass_columns_a,
          glass_columns_a, minmay_misc_feat_chi, skrybe_limestone_x, kb_rosetta
Temple:   mainiacjoe_temple_coin_purse

Skill      XL: |  1  2  3  4  5  6  7  8  9 |
---------------+----------------------------+-----
Fighting       | 3 4 5 6 |  6.9
Maces & Flails | 3 5 8 11 | 11.9
Short Blades   | |  1.7
Throwing       | |  1.7
Dodging        | |  0.8
Stealth        | |  3.6

Action                   |  1- 3 |  4- 6 |  7- 9 | 10-12 || total
-------------------------+-------+-------+-------+-------++-------
Melee: Dagger            |    15 |       |       |       ||    15
       Short sword       |    60 |   126 |       |       ||   186
       Punch             |       |     1 |     4 |       ||     5
       Whip              |       |    58 |   378 |    13 ||   449
       Touch             |       |       |    58 |     3 ||    61
Throw: Dart              |    19 |     2 |    11 |       ||    32
Evoke: Wand              |       |     5 |     5 |       ||    10
  Use: Scroll            |       |       |    14 |     3 ||    17
       Potion            |       |       |       |     1 ||     1
 Stab: Sleeping          |     7 |     4 |     4 |       ||    15
       Distracted        |       |     1 |     3 |       ||     4
Armor: Robe              |    21 |    55 |    87 |       ||   163
       Leather armour    |       |       |    52 |       ||    52
Dodge: Dodged            |    39 |   104 |   174 |     4 ||   321
Block: Other             |       |       |    13 |       ||    13
       Reflection        |       |       |     1 |       ||     1
